 Dungeon Crawl Stone Soup version 0.19-a0-734-ge18daf0 (webtiles) character file.

374 zero the Spear-Bearer (level 6, -3/50 HPs)
             Began as a Minotaur Gladiator on June 22, 2016.
             Killed from afar by an orc wizard (9 damage)
             ... with a puff of flame
             ... on level 4 of the Dungeon.
             The game lasted 00:02:29 (2299 turns).

zero the Spear-Bearer (Minotaur Gladiator)          Turns: 2299, Time: 00:02:29

Health: -3/50      AC:  5    Str: 22    XL:     6   Next: 43%
Magic:  5/5        EV: 12    Int:  5    God:
Gold:   108        SH:  0    Dex: 12    Spells: 0 memorised, 5 levels left

rFire  . . .     SeeInvis .     a - +0 trident
rCold  + . .     Gourm    .     e - +0 ring mail
rNeg   . . .     Faith    .     (no shield)
rPois  .         Spirit   .     c - +0 hat
rElec  .         Dismiss  .     (no cloak)
rCorr  .         Reflect  .     (no gloves)
SustAt .         Harm     .     (no boots)
MR     .....                    (no amulet)
Stlth  +.........               r - +2 ring of dexterity
                                k - ring of protection from cold

@: not resistant to hostile enchantments, very unstealthy
A: retaliatory headbutt, horns 2
a: no special abilities


You were on level 4 of the Dungeon.
You were not hungry.

You visited 1 branch of the dungeon, and saw 4 of its levels.

You collected 108 gold pieces.

Inventory:

Hand Weapons
 a - a +0 trident (weapon)
Missiles
 d - 6 throwing nets (quivered)
Armour
 c - a +0 hat (worn)
 e - a +0 ring mail (worn)
Jewellery
 k - a ring of protection from cold (left hand)
 p - an uncursed ring of see invisible
 r - a +2 ring of dexterity (right hand)
Scrolls
 b - a scroll of immolation {unknown}
 j - 2 scrolls of random uselessness {unknown}
 l - a scroll of noise {unknown}
 m - 2 scrolls of remove curse {unknown}
 s - a scroll of enchant weapon {unknown}
 v - a scroll of fog {unknown}
 x - a scroll of magic mapping {unknown}
Potions
 g - a potion of heal wounds {unknown}
 h - a potion of might {unknown}
 i - a potion of magic {unknown}
 t - a potion of curing {unknown}
 z - a potion of brilliance {unknown}
Books
 w - a book of Necromancy

   Spells                             Type                      Level
   a - Pain                           Necromancy                   1
   b - Animate Skeleton               Necromancy                   1
   c - Vampiric Draining              Necromancy                   3
   d - Regeneration                   Charms/Necromancy            3
   e - Animate Dead                   Necromancy                   4
   f - Control Undead                 Necromancy                   4
Comestibles
 f - 2 bread rations
 n - 4 fruits
 o - 5 chunks of flesh
 q - a meat ration
 u - 2 beef jerkies


   Skills:
 - Level 2.4 Fighting
 + Level 8.8 Polearms
 - Level 2.0 Throwing
 - Level 3.2 Dodging


You had 5 spell levels left.
You didn't know any spells.

Dungeon Overview and Level Annotations

Branches:
Dungeon (4/15)
 Temple: D:4-7

Altars:
Hepliaklqana
Nemelex Xobeh


Innate Abilities, Weirdness & Mutations

You reflexively headbutt those who attack you in melee.
You have a pair of horns on your head.


Message History

a dagger; a robe; a falchion; a scale mail There isn't anything to butcher here.
There is a stone staircase leading up here.
Some of the chunks of flesh in your inventory have rotted away.
An orc and an orc priest come into view.
The orc shouts!
The orc priest shouts!
The orc priest moves out of view.
An orc wizard comes into view. It is wielding a dagger.
The orc wizard shouts!
The orc wizard casts a spell.
The orc wizard flickers and vanishes!
Deactivating autopickup; reactivate with Ctrl-A.
Found a scroll labeled WESOROQIES.
The orc priest mumbles some strange prayers to Beogh against you.
Beogh smites you!
* * * LOW HITPOINT WARNING * * *
You barely miss the orc.
A puff of flame appears from out of thin air!
The puff of flame hits you!
You die...

......... #.. ......?# #
#.. .......#.. #.###..
#......... #......
#....... #...... #....o
...... #####.[o#+# #....
#.....@...# #.#..
..##.......# #...<
..##.......##...##.#..(.
...........##...##.#....
.......<.........#.###..
#.........##.....#......
+.......#.##.....#.(##.#
#...###)#.##............
#... #.#.#..........#.#


You could see an orc priest and an orc.

Vanquished Creatures
  A howler monkey (D:4)
  3 orc priests (D:4)
  Terence (D:2)
  2 orc wizards (D:4)
  3 gnolls (D:2)
  7 adders
  2 worms (D:3)
  A giant gecko (D:3)
  4 orcs
  A ball python (D:1)
  7 bats
  6 goblins
  6 hobgoblins
  8 jackals
  2 quokkas (D:2)
  4 giant newts
  18 kobolds
  7 rats
  A bush (D:3)
84 creatures vanquished.

Notes
Turn   | Place    | Note
--------------------------------------------------------------
     0 | D:1      | zero the Minotaur Gladiator began the quest for the Orb.
     0 | D:1      | Reached XP level 1. HP: 18/18 MP: 0/0
    52 | D:1      | Reached skill level 4 in Polearms
   126 | D:1      | Reached XP level 2. HP: 21/25 MP: 1/1
   452 | D:2      | Reached skill level 5 in Polearms
   452 | D:2      | Reached XP level 3. HP: 26/30 MP: 2/2
   499 | D:2      | Noticed Terence
   503 | D:2      | Killed Terence
   694 | D:2      | Reached XP level 4. HP: 37/37 MP: 3/3
   726 | D:2      | Reached skill level 6 in Polearms
  1084 | D:2      | Found a sparkling altar of Nemelex Xobeh.
  1459 | D:3      | Reached skill level 7 in Polearms
  1459 | D:3      | Reached XP level 5. HP: 33/42 MP: 4/4
  1685 | D:3      | Found a hazy altar of Hepliaklqana.
  2067 | D:4      | Reached skill level 8 in Polearms
  2215 | D:4      | Reached XP level 6. HP: 50/50 MP: 5/5
  2299 | D:4      | Killed from afar by an orc wizard

Vault maps used:
D:1:      minmay_arrival_diagonal_passages
D:2:      nemelex_xobeh_ov_fountains_minmay, uniq_terence
D:3:      lemuel_coloured_pillars_altar, lexackson_kobold_supper
D:4:      makhleb_grotto_becter, old_standard_altar, first_bread,
          hangedman_abyss_or_decor_jellyfish_corner, uniq_pikel, uniq_duvessa,
          uniq_crazy_yiuf_cottage

Skill      XL: |  1  2  3  4  5 |
---------------+----------------+-----
Polearms       | 4 5 7 8 |  8.8
Fighting       | |  2.4
Throwing       | |  2.0
Dodging        | |  3.2

Action                   |  1- 3 |  4- 6 || total
-------------------------+-------+-------++-------
Melee: Trident           |    69 |   163 ||   232
       Headbutt          |     6 |    34 ||    40
  Eat: Chunk             |       |     5 ||     5
Armor: Leather armour    |     4 |       ||     4
       Ring mail         |    12 |    37 ||    49
Dodge: Dodged            |    33 |    70 ||   103
